 Dungeon Crawl Stone Soup version 0.21-a0-278-ga722497 (webtiles) character file.

34335 JackS81 the Peltast (level 13, -6/116 HPs)
             Began as a Minotaur Fighter on Sept 20, 2017.
             Was a High Priest of Okawaru.
             Mangled by a death yak (15 damage)
             ... on level 4 of the Lair of Beasts on Sept 21, 2017.
             The game lasted 01:25:59 (14353 turns).

JackS81 the Peltast (Minotaur Fighter)             Turns: 14353, Time: 01:26:01

Health: -6/116     AC: 17    Str: 32    XL:     13   Next: 41%
Magic:  16/16      EV: 12    Int:  5    God:    Okawaru [*****.]
Gold:   836        SH:  0    Dex: 10    Spells: 12/12 levels left

rFire    . . .     SeeInvis .   G - +3 dagger (chaos)
rCold    . . .     Gourm    .   R - +1 large shield {AC+3}
rNeg     . . .     Faith    .   W - +1 acid dragon scales
rPois    .         Spirit   .   H - +0 hat "Lipypesac" {rCorr}
rElec    .         Reflect  +   B - +0 cloak
rCorr    +         Harm     .   a - +1 pair of gloves
MR       .....                  o - +0 pair of boots
Stlth    +.........             K - +4 amulet of reflection
HPRegen  0.29/turn              w - ring of resist corrosion
MPRegen  0.15/turn              Y - +6 ring of strength

@: confused, heroism
A: retaliatory headbutt, horns 2, talons 1, deformed body
a: Heroism, Finesse, Renounce Religion


You were on level 4 of the Lair of Beasts.
You worshipped Okawaru.
Okawaru was extremely pleased with you.
You were not hungry.

You visited 3 branches of the dungeon, and saw 16 of its levels.
You also visited: Ossuary.

You collected 836 gold pieces.

Inventory:

Hand Weapons
 g - a +3 short sword of venom
 G - a +3 dagger of chaos (weapon)
 S - a +0 shortbow
 U - a cursed +5 scimitar
Missiles
 t - 73 bolts
 z - 11 tomahawks (quivered)
 Q - 266 arrows
Armour
 a - a +1 pair of gloves (worn)
 l - a +0 shield of reflection
 o - a +0 pair of boots (worn)
 B - a +0 cloak (worn)
 H - the +0 hat "Lipypesac" (worn) {rCorr}
   (Okawaru gifted it to you on level 3 of the Lair of Beasts)

   It protects you from acid and corrosion.
 J - a +2 shield
 L - the +1 leather armour "Suefymm" {-Cast +Blink rF+ Dex+6}
   (You found it on level 3 of the Lair of Beasts)

   It affects your dexterity (+6).
   It protects you from fire.
   It lets you blink.
   It prevents spellcasting.
 R - a +1 large shield of protection (worn)
 W - +1 acid dragon scales (worn)
Jewellery
 j - an uncursed ring of protection from magic
 w - a ring of resist corrosion (left hand)
 y - a +4 ring of dexterity
 K - a +4 amulet of reflection (around neck)
 P - an uncursed amulet of harm
 Y - a +6 ring of strength (right hand)
Wands
 b - a wand of lightning (8/15)
 c - a wand of paralysis (8/24)
 u - a wand of acid (6/15)
 D - a wand of enslavement (2/24)
 M - a wand of iceblast (3/15)
 T - a wand of flame (20/48)
Scrolls
 e - 4 scrolls of enchant weapon
 h - 4 scrolls of immolation
 i - a scroll of blinking
 n - a scroll of magic mapping
 q - 2 scrolls of identify
 r - 3 scrolls of fear
 C - 6 scrolls of teleportation
 E - a scroll of summoning
 N - 2 scrolls of fog
 O - 5 scrolls of remove curse
 V - 3 scrolls of amnesia
Potions
 d - a potion of might
 s - 3 potions of flight
 A - 2 potions of agility
 F - a potion of lignification
 X - a potion of brilliance
Books
 m - a book of Ice

   Spells                             Type                      Level
   a - Ice Form                       Ice/Transmutation            4
   b - Metabolic Englaciation         Hexes/Ice                    5
   c - Ozocubu's Refrigeration        Ice                          6
   d - Bolt of Cold                   Conjuration/Ice              6
   e - Freezing Cloud                 Conjuration/Ice/Air          6
   f - Simulacrum                     Ice/Necromancy               6
Comestibles
 f - 3 bread rations
 k - 2 chunks of flesh
 p - 4 meat rations
 v - 3 royal jellies
 x - 24 fruits


   Skills:
 + Level 11.0(16.0) Fighting
 - Level 14.2(19.2) Short Blades
 * Level 11.7(16.7) Armour
 + Level 15.0(20.0) Shields
 * Level 5.8 Invocations


You had 12 spell levels left.
You didn't know any spells.

Dungeon Overview and Level Annotations

Branches:
Dungeon (11/15)            Temple (1/1) D:6            Lair (4/6) D:11
 Shoals (0/4) Lair:2       Spider (0/4) Lair:3          Orc (0/2) D:11

Altars:
Ashenzari
Cheibriados
Dithmenos
Elyvilon
Fedhas
Gozag
Hepliaklqana
Kikubaaqudgha
Makhleb
Nemelex Xobeh
Okawaru
Qazlal
Ru
Sif Muna
Trog
Uskayaw
Vehumet
Wu Jian
Xom
Yredelemnul
Zin
The Shining One

Shops:
D:8 [


Innate Abilities, Weirdness & Mutations

You reflexively headbutt those who attack you in melee.
You have a pair of horns on your head.
You have sharp toenails.
Armour fits poorly on your strangely shaped body.


Message History

You hit the death yak but do no damage. You headbutt the death yak!
The death yak is moderately wounded.
The death yak disappears!
You hit the death yak. You headbutt the death yak!
The death yak is severely wounded.
You hit the death yak but do no damage.
The death yak flickers and vanishes!
Deactivating autopickup; reactivate with Ctrl-A.
Your headbutt misses something. Something gores you!!
* * * LOW HITPOINT WARNING * * *
You gain the combat prowess of a mighty hero.
You block something's attack.
You closely miss something. Something gores you.
* * * LOW HITPOINT WARNING * * *
You are confused.
You feel invigorated. Something gores you!
* * * LOW HITPOINT WARNING * * *
Something gores you!
* * * LOW HITPOINT WARNING * * *
Something gores you!
You die...

#....Y# #.....# #...# .≈≈≈≈≈.
####...## #.≈≈≈≈≈≈≈ #.......###
#..≈≈≈≈≈≈≈ ####.........####
...≈≈≈≈≈≈≈. #.........#....Y###
#.#..≈......
...........##.Y{#.####...........
...........#####@÷.#.............
.........### ##.†..............
.........## ###............#
..........# ##..........#
..........# ###........#
##........# ##.......#
##.....P### ##P.....# ##....###
##..#### .#....## # #....


You could see 2 death yaks.

Vanquished Creatures
  3 hydras
  4 two-headed ogres
  The ghost of MirrMurr the Slicer, a journeyman KoBe of Trog (D:8)
  3 death yaks (Lair:4)
  2 oklob plants (Lair:2)
  A manticore (Lair:2)
  6 elephants
  A centaur skeleton (D:11)
  Psyche (D:8)
  9 spiny frogs
  A rime drake (Lair:3)
  6 komodo dragons
  2 trolls
  3 polar bears
  Grinder (D:5)
  A raiju (Lair:3)
  8 blink frogs
  6 hippogriffs
  Sigmund (D:5)
  6 wyverns
  A spriggan (Lair:3)
  A wraith (D:10)
  28 yaks
  A basilisk (D:11)
  Grum (D:11)
  3 hungry ghosts
  Menkaure (D:7)
  The ghost of MirrMurr the Skirmisher, an amateur KoBe of Trog (D:3)
  An acid dragon (D:11)
  6 water moccasins
  3 porcupines
  An eye of draining (D:8)
  5 orc warriors (D:11)
  3 ice beasts
  4 sky beasts
  3 black bears
  A necrophage (D:8)
  7 wolves
  10 ogres
  4 centaurs
  7 crocodiles
  6 big kobolds
  10 bullfrogs
  An elf zombie (Ossuary)
  3 gnoll sergeants
  3 scorpions
  A wyvern skeleton (D:9)
  5 wights (D:8)
  6 killer bees (D:8)
  5 howler monkeys
  2 bullfrog zombies
  6 human zombies (Ossuary)
  5 centaur zombies (Ossuary)
  A jelly (D:10)
  2 crimson imps
  5 orc priests
  2 hounds
  A bullfrog skeleton (D:6)
  10 orc wizards
  11 worker ants
  5 iguanas
  A killer bee zombie (D:9)
  2 hound zombies
  3 mummies (Ossuary)
  2 worker ant zombies
  11 adders
  8 gnolls
  2 shadow imps
  2 oozes
  An adder zombie (D:7)
  An adder skeleton (D:7)
  A worm (D:3)
  8 leopard geckos
  45 orcs
  13 giant cockroaches
  5 goblins
  4 hobgoblins
  13 jackals
  14 kobolds
  2 quokkas
  A ball python (D:5)
  3 bats
  6 frilled lizards
  A giant cockroach zombie (D:5)
  A quokka skeleton (D:7)
  4 rats
402 creatures vanquished.

Vanquished Creatures (others)
  2 centaurs (D:10)
  An orc (D:11)
  3 fungi (Lair:1)
  2 plants
8 creatures vanquished.

Grand Total: 410 creatures vanquished

Notes
Turn   | Place    | Note
-------+----------+-------------------------------------------
     0 | D:1      | JackS81 the Minotaur Fighter began the quest for the Orb.
     0 | D:1      | Reached XP level 1. HP: 19/19 MP: 0/0
    95 | D:1      | Found a sparkling altar of Nemelex Xobeh.
   234 | D:1      | Reached XP level 2. HP: 26/26 MP: 1/1
   711 | D:2      | Reached XP level 3. HP: 31/31 MP: 2/2
  1061 | D:2      | Found a faded altar of an unknown god.
  1404 | D:3      | Noticed MirrMurr's ghost (amateur KoBe)
  1422 | D:3      | Killed MirrMurr's ghost
  1422 | D:3      | Reached skill level 5 in Short Blades
  1422 | D:3      | Reached XP level 4. HP: 34/39 MP: 3/3
  1422 | D:3      | Reached XP level 5. HP: 39/45 MP: 4/4
  1638 | D:3      | Found a burning altar of Makhleb.
  1845 | D:3      | Reached XP level 6. HP: 44/52 MP: 5/5
  1886 | D:3      | Found a sparkling altar of Nemelex Xobeh.
  2174 | D:4      | Found a sand-covered staircase.
  2179 | Ossuary  | Entered an ossuary
  2230 | Ossuary  | Reached skill level 5 in Armour
  2281 | Ossuary  | Reached XP level 7. HP: 44/59 MP: 6/6
  2460 | Ossuary  | Gained mutation: Armour fits poorly on your strangely shaped body. [potion of mutation]
  2460 | Ossuary  | Gained mutation: You are robust. (+10% HP) [potion of mutation]
  2460 | Ossuary  | Lost mutation: You are robust. (+10% HP) [potion of mutation]
  2460 | Ossuary  | Gained mutation: You have sharp toenails. [potion of mutation]
  2676 | D:4      | Found an opulent altar of Gozag.
  2677 | D:4      | Found a glowing silver altar of Zin.
  2884 | D:5      | Entered Level 5 of the Dungeon
  3001 | D:5      | Noticed Grinder
  3009 | D:5      | Paralysed by Grinder for 5 turns
  3015 | D:5      | Paralysed by Grinder for 3 turns
  3043 | D:5      | Killed Grinder
  3043 | D:5      | Reached skill level 5 in Fighting
  3043 | D:5      | Reached XP level 8. HP: 57/68 MP: 7/7
  3139 | D:5      | Noticed Sigmund
  3154 | D:5      | Killed Sigmund
  3372 | D:6      | Reached skill level 10 in Short Blades
  3766 | D:6      | Found a stormy altar of Qazlal.
  3766 | D:6      | Found an ancient bone altar of Kikubaaqudgha.
  3766 | D:6      | Found a blossoming altar of Fedhas.
  3767 | D:6      | Found a shattered altar of Ashenzari.
  3831 | D:6      | Found a white marble altar of Elyvilon.
  3896 | D:6      | Found a basalt altar of Yredelemnul.
  3960 | D:6      | Found a staircase to the Ecumenical Temple.
  3969 | Temple   | Entered the Ecumenical Temple
  3989 | Temple   | Became a worshipper of Warmaster Okawaru
  4379 | D:7      | Reached skill level 1 in Invocations
  4488 | D:7      | Reached XP level 9. HP: 54/75 MP: 8/8
  4781 | D:7      | Reached skill level 4 in Shields
  4821 | D:7      | Noticed Menkaure
  4830 | D:7      | Killed Menkaure
  5248 | D:7      | Reached * piety under Okawaru
  5388 | D:8      | Noticed a two-headed ogre
  5405 | D:8      | Killed a two-headed ogre
  5405 | D:8      | Reached skill level 5 in Shields
  5503 | D:8      | Reached ** piety under Okawaru
  5504 | D:8      | Noticed Psyche
  5520 | D:8      | Killed Psyche
  5537 | D:8      | Reached XP level 10. HP: 57/86 MP: 5/9
  5622 | D:8      | Noticed a two-headed ogre
  5640 | D:8      | Killed a two-headed ogre
  5640 | D:8      | Reached *** piety under Okawaru
  5640 | D:8      | Reached skill level 6 in Shields
  5663 | D:8      | Noticed MirrMurr's ghost (journeyman KoBe)
  5710 | D:8      | Killed MirrMurr's ghost
  5793 | D:8      | Reached skill level 7 in Shields
  5799 | D:8      | Reached **** piety under Okawaru
  6061 | D:8      | Found a deep blue altar of Sif Muna.
  6416 | D:8      | Found Seesm's Armour Boutique.
  6719 | D:9      | Reached skill level 8 in Shields
  7198 | D:9      | Reached XP level 11. HP: 95/95 MP: 11/11
  7559 | D:10     | Entered Level 10 of the Dungeon
  7599 | D:10     | Noticed a two-headed ogre
  7609 | D:10     | Killed a two-headed ogre
  7609 | D:10     | Reached skill level 9 in Shields
  7847 | D:10     | Noticed a two-headed ogre
  7858 | D:10     | Killed a two-headed ogre
  7858 | D:10     | Reached ***** piety under Okawaru
  8638 | D:11     | Noticed Grum
  8686 | D:11     | Reached skill level 10 in Shields
  8701 | D:11     | Killed Grum
  9041 | D:11     | Found a staircase to the Lair.
  9289 | D:11     | Reached skill level 11 in Shields
  9300 | D:11     | Received a gift from Okawaru
  9776 | D:11     | Found a staircase to the Orcish Mines.
  9883 | D:11     | Reached XP level 12. HP: 57/105 MP: 12/12
 10119 | Lair:1   | Entered Level 1 of the Lair of Beasts
 10151 | Lair:1   | Reached skill level 12 in Shields
 10214 | Lair:1   | Reached skill level 10 in Armour
 10234 | Lair:1   | Noticed a seven-headed hydra
 10256 | Lair:1   | Killed a seven-headed hydra
 11078 | Lair:1   | Reached skill level 10 in Fighting
 11380 | Lair:2   | Received a gift from Okawaru
 11380 | Lair:2   | Reached skill level 13 in Shields
 12323 | Lair:2   | Noticed a six-headed hydra
 12334 | Lair:2   | Killed a six-headed hydra
 12426 | Lair:2   | Found a staircase to the Shoals.
 12719 | Lair:2   | Upgraded the game from 0.21-a0-277-geaec956 to 0.21-a0-278-ga722497
 12784 | Lair:3   | Reached skill level 14 in Shields
 12863 | Lair:3   | Reached XP level 13. HP: 94/114 MP: 15/15
 13164 | Lair:3   | Received a gift from Okawaru
 13165 | Lair:3   | Reached skill level 5 in Invocations
 13182 | Lair:3   | Got a distressingly furry hat {god gift}
 13188 | Lair:3   | Identified the +0 hat "Lipypesac" {rCorr} (Okawaru gifted it to you on level 3 of the Lair of Beasts)
 13298 | Lair:3   | Got a twisted leather armour
 13317 | Lair:3   | Identified the cursed +1 leather armour "Suefymm" {-Cast +Blink rF+ Dex+6} (You found it on level 3 of the Lair of Beasts)
 13870 | Lair:3   | Found a hole to the Spider Nest.
 14341 | Lair:4   | Reached skill level 15 in Shields
 14352 | Lair:4   | HP: 4/116 [something (7)]
 14353 | Lair:4   | Mangled by a death yak

Vault maps used:
D:1:      roderic_crossed_star, nemelex_xobeh_ov_fountains_minmay
D:2:      chequers_ecumenical_altar_simple, first_bread
D:3:      makhleb_blood_cavern_becter, nemelex_dance_club_becter
D:4:      grunt_temple_overflow_gold_and_silver,
          nicolae_ossuary_entry_false_entrances
D:5:      uniq_sigmund, uniq_grinder
D:6:      kennysheep_ying_yang, grunt_temple_overflow_open,
          lemuel_temple_firewalk_b, minmay_lizard_king
D:7:      kennysheep_opposing_triangles, uniq_menkaure
D:8:      lemuel_blue_sif_altar, serial_shops, kennysheep_mini, uniq_psyche
D:10:     nicolae_whirlpool
D:11:     david_lair_generic, kennysheep_orc_monster_closet_entryway, uniq_grum
Temple:   minmay_temple_bridge_abc
Lair:1:   beast_lair_carwin_8
Lair:2:   minmay_shoals_entry_beasts, infiniplex_staircase_pool,
          lemuel_fruit_fields, serial_bayou_shore_a, minmay_lair_oklob_chamber,
          lemuel_fruit_fields
Lair:3:   spider_nest_entry_web_field, minivault_24,
          grunt_forest_stairs_clearing
Lair:4:   infiniplex_staircase_pool_2
Ossuary:  ossuary_minmay_four_chambers

Skill      XL: |  1  2  3  4  5  6  7  8  9 10 11 12 13 |
---------------+----------------------------------------+-----
Short Blades   | 3 4 5 6 7 9 10 12 13 14 | 14.2
Armour         | 4 5 6 7 9 11 | 11.7
Fighting       | 4 5 6 7 8 9 10 11 | 11.0
Invocations    | 1 4 5 |  5.8
Shields        | 5 8 11 14 15 | 15.0

Action                   |  1- 3 |  4- 6 |  7- 9 | 10-12 | 13-15 || total
-------------------------+-------+-------+-------+-------+-------++-------
Melee: Short sword       |    81 |    86 |   417 |  1154 |    15 ||  1753
       Rapier            |     6 |       |       |       |       ||     6
       Headbutt          |     7 |    25 |   102 |   289 |   108 ||   531
       Dagger            |       |       |       |       |   257 ||   257
Throw: Tomahawk          |       |       |     8 |    32 |     5 ||    45
       Stone             |       |       |     1 |     1 |       ||     2
Invok: Heroism           |       |       |     1 |    13 |     1 ||    15
Evoke: Wand              |       |       |     1 |     9 |       ||    10
  Use: Potion            |     1 |       |    14 |     8 |     1 ||    24
       Scroll            |       |     4 |    13 |     8 |     2 ||    27
 Stab: Paralysed         |       |       |       |       |     1 ||     1
  Eat: Chunk             |     1 |     3 |    10 |    28 |     5 ||    47
       Fruit             |       |       |     1 |       |       ||     1
Armor: Scale mail        |    25 |    35 |    77 |    99 |       ||   236
       Skin              |       |       |     2 |    55 |       ||    57
       Acid dragon scale |       |       |       |    79 |    26 ||   105
Dodge: Dodged            |    19 |    16 |    47 |   113 |    14 ||   209
Block: Shield            |    29 |    20 |    94 |   155 |       ||   298
       Large shield      |       |       |    19 |   715 |   170 ||   904
       Reflection        |       |       |       |    34 |       ||    34

Table legend:
 A = Spawn XP
 B = Non-spawn XP
 C = Spawn XP percentage of total XP
 D = Spawn monster count
 E = Non-spawn monster count
 F = Spawn count percentage of total count
 G = Total turns spent on level
                    A         B        C        D         E        F      G
               +---------+---------+-------+---------+---------+-------+---------
         Total |       0 |   49050 |   0.0 |       0 |     404 |   0.0 | 14353
               +---------+---------+-------+---------+---------+-------+---------
           D:1 |       0 |      28 |   0.0 |       0 |      15 |   0.0 |   606
           D:2 |       0 |      49 |   0.0 |       0 |      14 |   0.0 |   781
           D:3 |       0 |     343 |   0.0 |       0 |      15 |   0.0 |   625
           D:4 |       0 |     195 |   0.0 |       0 |       8 |   0.0 |   588
           D:5 |       0 |     687 |   0.0 |       0 |      14 |   0.0 |   437
           D:6 |       0 |     553 |   0.0 |       0 |      25 |   0.0 |   816
           D:7 |       0 |    1338 |   0.0 |       0 |      42 |   0.0 |  1090
           D:8 |       0 |    5565 |   0.0 |       0 |      39 |   0.0 |  1159
           D:9 |       0 |    2350 |   0.0 |       0 |      32 |   0.0 |  1035
          D:10 |       0 |    3158 |   0.0 |       0 |      23 |   0.0 |  1071
          D:11 |       0 |    7002 |   0.0 |       0 |      71 |   0.0 |  1489
        Lair:1 |       0 |    6646 |   0.0 |       0 |      24 |   0.0 |  1238
        Lair:2 |       0 |    6937 |   0.0 |       0 |      27 |   0.0 |  1377
        Lair:3 |       0 |   10475 |   0.0 |       0 |      35 |   0.0 |  1311
        Lair:4 |       0 |    3090 |   0.0 |       0 |       5 |   0.0 |   308
       Ossuary |       0 |     634 |   0.0 |       0 |      15 |   0.0 |   284
               +---------+---------+-------+---------+---------+-------+---------
